 Dungeon Crawl Stone Soup version 0.28-a0-1190-g77e1c55843 (webtiles) character file.

Game seed: 1984780936729148700

1896 ChaosChampion the Grappler (level 8, -8/70 HPs)
             Began as a Purple Draconian Transmuter on Dec 18, 2021.
             Was a Follower of Okawaru.
             Mangled by a hornet (12 damage)
             ... while paralysed by a hornet
             ... on level 6 of the Dungeon.
             The game lasted 00:11:58 (8330 turns).

ChaosChampion the Grappler (DrTm)                   Turns: 8330, Time: 00:11:58

Health: -8/70      AC:  2    Str: 13    XL:     8   Next: 93%
Magic:  13/16      EV:  5    Int: 15    God:    Okawaru [*.....]
Gold:   1590       SH:  0    Dex: 17    Spells: 12/18 levels left

rFire   . . .      SeeInvis .     - Unarmed
rCold   + . .      Faith    .   (shield currently unavailable)
rNeg    . . .      Spirit   .   (armour unavailable)
rPois   .          Reflect  .   (helmet currently unavailable)
rElec   .          Harm     .   (cloak currently unavailable)
rCorr   .          Rampage  .   (gloves currently unavailable)
Will    +....                   (boots currently unavailable)
Stlth   ++........              (no amulet)
HPRegen 0.21/turn               e - ring of poison resistance
MPRegen 0.15/turn               k - ring of protection from cold

@: paralysed, spider-form, wereblooded, slowed
A: venomous fangs, (breathe power), AC +6, tiny, unfitting armour,
(cold-blooded)
a: End Transformation, Renounce Religion, Heroism


You were on level 6 of the Dungeon.
You worshipped Okawaru.
Okawaru was aware of your devotion.
You were a venomous arachnid creature.
You visited 1 branch of the dungeon, and saw 7 of its levels.

You collected 1590 gold pieces.

Inventory:

Missiles
 d - 67 poisoned darts
 h - 4 javelins
Armour
 r - a +0 pair of boots
Jewellery
 e - a ring of poison resistance (left front leg)
 k - a ring of protection from cold (right front leg)
 q - a ring of protection from cold
 u - a ring of magical power
Wands
 n - a wand of iceblast (9)
 t - a wand of flame (7)
Scrolls
 f - 2 scrolls of identify
 l - 6 scrolls of blinking {unknown}
 o - a scroll of brand weapon {unknown}
 p - a scroll of teleportation {unknown}
 s - a scroll of magic mapping {unknown}
 v - a scroll of amnesia {unknown}
Potions
 a - 2 potions of ambrosia
 b - a potion of haste {unknown}
 c - a potion of flight {unknown}
 g - a potion of cancellation {unknown}
 i - 4 potions of curing {unknown}
 j - 2 potions of attraction {unknown}
 m - a potion of degeneration {unknown}


   Skills:
 + Level 5.7 Fighting
 - Level 1.7 Dodging
 * Level 8.0 Unarmed Combat
 * Level 5.9 Spellcasting
 + Level 5.5 Transmutations


You had 12 spell levels left.
You knew the following spells:

 Your Spells              Type           Power      Damage    Failure   Level
a - Beastly Appendage     Tmut           42%        N/A       7%          1
b - Wereblood             Tmut           21%        N/A       9%          2
c - Spider Form           Tmut/Pois      12%        N/A       32%         3

Your spell library contained the following spells:

 Spells                   Type           Power      Damage    Failure   Level
 Ice Form                 Ice/Tmut       12%        N/A       65%         4
 Alistair's Intoxication  Tmut/Pois      8%         N/A       91%         5
 Borgnjor's Vile Clutch   Necr/Erth      2%         N/A       99%         5
 Eringya's Noxious Bog    Tmut/Pois      6%         N/A       100%        6


Dungeon Overview and Level Annotations

Branches:
Dungeon (7/15)             Temple (0/1) D:7

Altars:
Elyvilon
Kikubaaqudgha
Nemelex Xobeh
Okawaru
Xom

Annotations:
D:7 Duvessa


Innate Abilities, Weirdness & Mutations

You are a venomous arachnid creature.
You have poisonous fangs.
You are tiny and dextrous.
Your spellcasting is less reliable in this form.
Your armour is entirely melded.
You are incapable of wielding weapons or throwing items.
((You can breathe bolts of dispelling energy.))
((Your rich purple scales are hard. (AC +6)))
You cannot fit into any form of body armour.
((You are cold-blooded and may be slowed by cold attacks.))


Message History

You have got your breath back.
You start resting.
HP restored.
Casting: Spider Form (dangerous; 14% risk of failure)
Confirm with . or Enter, or press ? or * to list all spells.
You turn into a venomous arachnid creature.
Casting: Spider Form (dangerous; 32% risk of failure)
Confirm with . or Enter, or press ? or * to list all spells.
Your blood is infused with primal strength.
You climb downwards.
The hornet completely misses you. x2
Duvessa, Sister of Dowan comes into view.
She is wielding a +0 short sword and carrying a wand of flame (17).
The hornet stings you!
You suddenly lose the ability to move!
Duvessa goes berserk!
The hornet stings you!
You feel yourself slow down.
You feel yourself speed up.
Duvessa rages.
The hornet barely misses you. The hornet stings you.
You feel yourself slow down.
You can move again.
There is a stone staircase leading up here.
You feel yourself speed up. The hornet completely misses you.
Duvessa rages.
The hornet stings you!
You feel yourself slow down.
You climb upwards.
There is a stone staircase leading down here.
You barely miss the hornet. The hornet stings you!
* * * LOW HITPOINT WARNING * * *
You feel as though you will be slow longer.
The hornet closely misses you.
Okay, then.
Unknown command.
Okay, then.
You closely miss the hornet. The hornet stings you!
* * * LOW HITPOINT WARNING * * *
You feel as though you will be slow longer.
The hornet stings you!
* * * LOW HITPOINT WARNING * * *
You suddenly lose the ability to move!
The hornet stings you!
You die...

#.#.# ####'#.....#.....#.# #.#.##
#....#.....#.....#.# #....#
#....'##'##+##+##'.# #....#
#....#..#.....#..#.# #....#
#####....#..#'###+#..#.#
#....####...+....#..#.....#..#.#
.....'......#....'..'.._..'..†.#
.....####.#.#.#..#..#.....#..#.#
................s#..#+###'#..#.#
..........#....y.#..#.....#..#.#
.....####.#.#....'##+##+##+##+.#
.................#.....#.....###
...##............#.....#.....#
..........(......###'##+##'######
#...#.#..........# #.............
#................# ##.###########
#..#.............####.#


You could see a hornet.

Vanquished Creatures
  Prince Ribbit (D:6)
  Eustachio (D:5)
  The ghost of gareppa the Skirmisher, an amateur GrFi (D:4)
  A water moccasin (D:7)
  A sky beast (D:5)
  An ice beast (D:7)
  A necrophage (D:5)
  An ogre (D:4)
  3 centaurs
  2 scorpions
  A water moccasin skeleton (D:4)
  Dowan (D:7)
  2 wights
  A centaur zombie (D:5)
  2 bullfrog zombies (D:6)
  A hound (D:6)
  2 orc priests
  2 iguanas
  A bullfrog skeleton (D:6)
  An orc wizard (D:7)
  4 gnolls (D:6)
  4 adders
  A white imp (D:5)
  An ufetubus (D:4)
  A worm (D:4)
  7 dart slugs
  9 orcs
  4 endoplasms
  A giant cockroach (D:3)
  4 goblins
  2 hobgoblins
  12 jackals
  5 kobolds
  3 quokkas
  13 ball pythons
  6 bats
  3 frilled lizards
  A jackal skeleton (D:4)
  7 rats
115 creatures vanquished.

Notes
Turn   | Place    | Note
-------+----------+-------------------------------------------
     0 | D:1      | ChaosChampion the Draconian Transmuter began the quest for
                  | the Orb.
     0 | D:1      | Reached XP level 1. HP: 16/16 MP: 3/3
   342 | D:1      | Reached XP level 2. HP: 23/23 MP: 3/5
   345 | D:1      | Learned a level 2 spell: Wereblood
   474 | D:1      | Found a faded altar of an unknown god.
  1078 | D:2      | Reached XP level 3. HP: 29/29 MP: 4/6
  1962 | D:3      | Found a white marble altar of Elyvilon.
  2005 | D:3      | Reached skill level 4 in Unarmed Combat
  2052 | D:3      | Found a shimmering altar of Xom.
  2063 | D:3      | Found an ancient bone altar of Kikubaaqudgha.
  2365 | D:3      | Reached XP level 4. HP: 26/36 MP: 7/7
  2846 | D:4      | Found a runed translucent door.
  3146 | D:4      | Noticed an ogre
  3319 | D:4      | Reached XP level 5. HP: 21/44 MP: 4/8
  3587 | D:3      | Learned a level 3 spell: Spider Form
  3597 | D:4      | Killed an ogre
  3598 | D:4      | Reached skill level 5 in Unarmed Combat
  3714 | D:4      | Reached XP level 6. HP: 31/51 MP: 6/9
  4103 | D:4      | Found a sparkling altar of Nemelex Xobeh.
  4524 | D:4      | Noticed gareppa's ghost (amateur GrFi)
  4589 | D:4      | Killed gareppa's ghost
  5062 | D:5      | Entered Level 5 of the Dungeon
  5062 | D:5      | Noticed Eustachio
  5063 | D:5      | Noticed a sky beast
  5129 | D:5      | Identified a scroll of acquirement
  5129 | D:5      | Acquired 1208 gold pieces
  5193 | D:5      | Reached skill level 6 in Unarmed Combat
  5261 | D:5      | Your scales start taking on a rich purple colour.
  5261 | D:5      | Reached XP level 7. HP: 29/59 MP: 1/10
  5487 | D:5      | Killed Eustachio
  6171 | D:6      | Noticed Prince Ribbit
  6177 | D:6      | Killed Prince Ribbit
  6178 | D:6      | Reached skill level 7 in Unarmed Combat
  6178 | D:6      | Reached XP level 8. HP: 53/67 MP: 9/14
  6290 | D:6      | Reached skill level 5 in Fighting
  6506 | D:6      | Found an iron altar of Okawaru.
  6535 | D:6      | Became a worshipper of Warmaster Okawaru
  6836 | D:6      | Reached skill level 5 in Transmutations
  7588 | D:6      | Reached skill level 5 in Spellcasting
  8126 | D:7      | Found a staircase to the Ecumenical Temple.
  8147 | D:7      | Noticed Dowan
  8155 | D:7      | Reached skill level 8 in Unarmed Combat
  8156 | D:7      | Killed Dowan
  8156 | D:7      | Reached * piety under Okawaru
  8241 | D:7      | Noticed a hornet
  8323 | D:7      | Noticed Duvessa
  8323 | D:7      | Paralysed by a hornet for 3 turns
  8329 | D:6      | HP: 3/70 [hornet (7)]
  8329 | D:6      | Paralysed by a hornet for 3 turns
  8330 | D:6      | Mangled by a hornet

Illustrated notes

Levels and vault maps discovered:
D:1:      minmay_arrival_three_doors, layout_loops_ring,
          ebering_ecumenical_altar_sacrificial
D:2:      layout_basic
D:3:      layout_loops_cross, elyvilon_altar_5, amethyst_overflow_temple_binary
D:4:      layout_basic, nemelex_spade_bored_becter,
          ebering_ghost_reflecting_pool, saegor_snake_ambush
D:5:      layout_rooms, minmay_misc_feat_tiny, minmay_misc_feat_nine_boxes,
          uniq_eustachio
D:6:      layout_basic, mainiacjoe_overflow_24_doors,
          hangedman_abyss_or_decor_stagger, nrook_pool_corridor,
          uniq_prince_ribbit1
D:7:      layout_cave_pools, nicolae_ashenzari_skybound,
          minmay_temple_entry_ruins, uniq_duvessa, uniq_menkaure

Skill      XL: |  1  2  3  4  5  6  7  8 |
---------------+-------------------------+-----
Fighting       | 2 3 4 5 |  5.7
Unarmed Combat | 4 5 6 7 8 |  8.0
Transmutations | 3 4 5 |  5.5
Spellcasting   | 4 5 |  5.9
Dodging        | |  1.7

Action                   |  1- 3 |  4- 6 |  7- 9 || total
-------------------------+-------+-------+-------++-------
Melee: Unarmed           |   170 |   125 |   112 ||   407
       Tailslap          |    16 |    10 |     1 ||    27
       Kick              |    17 |    10 |     2 ||    29
       Headbutt          |     8 |     2 |     2 ||    12
       Punch             |     2 |       |       ||     2
Throw: Dart              |       |     1 |     3 ||     4
 Cast: Beastly Appendage |    27 |    14 |     3 ||    44
       Wereblood         |    10 |    10 |     8 ||    28
       Spider Form       |       |     4 |    16 ||    20
 Abil: Breathe Dispellin |       |       |    10 ||    10
  Use: Scroll            |       |     3 |       ||     3
 Stab: Sleeping          |     1 |       |     1 ||     2
Armor: Skin              |    58 |    45 |    18 ||   121
Dodge: Dodged            |   122 |    85 |   113 ||   320

Table legend: (Time is in decaauts)
 A = Elapsed time spent in this place.
 B = Non-inter-level travel time spent in this place.
 C = Inter-level travel time spent in this place.
 D = Time resting spent in this place.
 E = Time spent auto-exploring this place.
 F = Levels seen in this place.
 G = Mean time per level.
                   A        B        C        D        E       F      G
               +--------+--------+--------+--------+--------+-----+--------+
         Total |   8322 |   8164 |    158 |   1130 |   5579 |   7 | 1188.9 |
       Dungeon |   8322 |   8164 |    158 |   1130 |   5579 |   7 | 1188.9 |
               +--------+--------+--------+--------+--------+-----+--------+

Top non-repeatable levels by time:
     D:4: 2090 daAuts
     D:6: 1697 daAuts
     D:3: 1431 daAuts
     D:5: 1017 daAuts
     D:1: 858 daAuts
     D:2: 746 daAuts
     D:7: 480 daAuts
